TOP OF THE 1ST |
Toronto Blue Jays batting - Pitching for Chicago White Sox : RHP Kevin Woods
|
Pitching: RHP Kevin Woods
|
|
Batting: RHB Donny Burnside
|
0-0: Called Strike 0-1: Foul Ball, location: 2F 0-2: Ball 1-2: Ball 2-2: Ball 3-2: Ground out 5-3 (Groundball, 56S, EV 77.5 MPH)
|
Batting: LHB Nate Dean
|
0-0: Ball 1-0: Ground out U3 (Groundball, 34, EV 103.8 MPH)
|
Batting: SHB Matt Altieri
|
0-0: Ball 1-0: Ball 2-0: Foul Ball, location: 2F 2-1: Ball 3-1: Foul Ball, location: 2F 3-2: Strikes out swinging
|
Top of the 1st over - 0 runs, 0 hits, 0 errors, 0 left on base; Toronto 0 - Chicago 0 |
BOTTOM OF THE 1ST |
Chicago White Sox batting - Pitching for Toronto Blue Jays : RHP Javy Falcon
|
Pitching: RHP Javy Falcon
|
|
Batting: LHB Sidney Pedder
|
0-0: Foul Ball, location: 2F 0-1: Ball 1-1: Swinging Strike 1-2: Foul Ball, location: 2F 1-2: Strikes out swinging
|
Batting: SHB Cesar Herrera
|
0-0: Called Strike 0-1: Ball 1-1: Swinging Strike 1-2: Strikes out swinging
|
Batting: LHB Randy Rosenberry
|
0-0: Ball 1-0: Ball 2-0: Fly out, F9 (Flyball, 9LM, EV 66.9 MPH)
|
Bottom of the 1st over - 0 runs, 0 hits, 0 errors, 0 left on base; Toronto 0 - Chicago 0 |
TOP OF THE 2ND |
Toronto Blue Jays batting - Pitching for Chicago White Sox : RHP Kevin Woods
|
Batting: LHB Willis Robles
|
0-0: Foul Ball, location: 2F 0-1: Swinging Strike 0-2: Foul Ball, location: 2F 0-2: Ball 1-2: Ball 2-2: Strikes out swinging
|
Batting: RHB David Casas
|
0-0: Ball 1-0: Called Strike 1-1: SOLO HOME RUN (Flyball, 78XD, EV 103.8 MPH), Distance : 403 ft
|
Batting: SHB Mark Rennie
|
0-0: Ball 1-0: Foul Ball, location: 2F 1-1: Foul Ball, location: 2F 1-2: Foul Ball, location: 2F 1-2: Foul Ball, location: 2F 1-2: Strikes out swinging
|
Batting: RHB Ruben Velasco
|
0-0: Swinging Strike 0-1: Ground out 6-3 (Groundball, 6, EV 110.0 MPH)
|
Top of the 2nd over - 1 run, 1 hit, 0 errors, 0 left on base; Toronto 1 - Chicago 0 |
BOTTOM OF THE 2ND |
Chicago White Sox batting - Pitching for Toronto Blue Jays : RHP Javy Falcon
|
Batting: RHB Joseph Disepolo
|
0-0: Ball 1-0: Swinging Strike 1-1: Ball 2-1: Foul Ball, location: 2F 2-2: Strikes out swinging
|
Batting: SHB Vince Ealy
|
0-0: Called Strike 0-1: Ball 1-1: Ground out U3 (Groundball, 3, EV 95.6 MPH)
|
Batting: RHB Chris Cooper
|
0-0: Foul Ball, location: 2F 0-1: Ball 1-1: Ball 2-1: SOLO HOME RUN (Flyball, 9LD, EV 97.5 MPH), Distance : 359 ft
|
Batting: RHB Steve Castleberry
|
0-0: Fly out, F4 (Popup, 23, EV 86.9 MPH)
|
Bottom of the 2nd over - 1 run, 1 hit, 0 errors, 0 left on base; Toronto 1 - Chicago 1 |
TOP OF THE 3RD |
Toronto Blue Jays batting - Pitching for Chicago White Sox : RHP Kevin Woods
|
Batting: LHB Michael Byrd
|
0-0: Ball 1-0: Swinging Strike 1-1: Foul Ball, location: 2F 1-2: Ball 2-2: TRIPLE (Flyball, 9LD, EV 112.5 MPH)
|
Batting: RHB Sébastien Piat
|
0-0: Called Strike 0-1: Ball 1-1: Foul Ball, location: 2F 1-2: Fly out, F9 (Line Drive, 9S, EV 90.0 MPH)
|
Batting: RHB Donny Burnside
|
0-0: Ball 1-0: Called Strike 1-1: Ball 2-1: Ball 3-1: Swinging Strike 3-2: Base on Balls
|
Batting: LHB Nate Dean
|
0-0: Ball 1-0: Foul Ball, location: 2F 1-1: Ball Donny Burnside steals 2nd base (no throw) 2-1: Foul Ball, location: 2F 2-2: SINGLE (Groundball, 6M, EV 87.5 MPH) (infield hit) Michael Byrd scores Donny Burnside to third
|
Batting: SHB Matt Altieri
|
0-0: Ball 1-0: SINGLE (Line Drive, 34D, EV 96.9 MPH) Donny Burnside scores Nate Dean to second Runner from 2nd tries for 3rd, OUT! 9-5
|
Batting: LHB Willis Robles
|
0-0: Ball 1-0: Ball 2-0: Ball 3-0: Called Strike 3-1: Base on Balls Matt Altieri to second
|
Batting: RHB David Casas
|
0-0: Ball 1-0: Ball 2-0: Ball 3-0: Called Strike 3-1: Base on Balls Matt Altieri to third Willis Robles to second
|
Batting: SHB Mark Rennie
|
0-0: Called Strike 0-1: Ball 1-1: Called Strike 1-2: Fly out, F8 (Flyball, 8RXD, EV 98.1 MPH)
|
Top of the 3rd over - 2 runs, 3 hits, 0 errors, 3 left on base; Toronto 3 - Chicago 1 |
BOTTOM OF THE 3RD |
Chicago White Sox batting - Pitching for Toronto Blue Jays : RHP Javy Falcon
|
Batting: SHB Dan Lash
|
0-0: Ball 1-0: Fly out, F7 (Line Drive, 7S, EV 86.2 MPH)
|
Batting: RHB Dieter Knoops
|
0-0: Ball 1-0: Swinging Strike 1-1: Called Strike 1-2: Ball 2-2: Ball 3-2: Foul Ball, location: 2F 3-2: Base on Balls
|
Batting: LHB Sidney Pedder
|
0-0: Called Strike 0-1: Ball 1-1: Called Strike 1-2: Ground out U3 (Groundball, 3, EV 84.4 MPH) Dieter Knoops to second
|
Batting: SHB Cesar Herrera
|
0-0: Swinging Strike 0-1: Ball 1-1: Ball 2-1: SINGLE (Groundball, P, EV 94.4 MPH) (infield hit) Dieter Knoops to third
|
Batting: LHB Randy Rosenberry
|
0-0: Foul Ball, location: 2F 0-1: Ground out U3 (Groundball, 3, EV 88.1 MPH)
|
Bottom of the 3rd over - 0 runs, 1 hit, 0 errors, 2 left on base; Toronto 3 - Chicago 1 |
TOP OF THE 4TH |
Toronto Blue Jays batting - Pitching for Chicago White Sox : RHP Kevin Woods
|
Batting: RHB Ruben Velasco
|
0-0: Ball 1-0: Foul Ball, location: 2F 1-1: Ball 2-1: Foul Ball, location: 2F 2-2: Foul Ball, location: 2F 2-2: Ball 3-2: Base on Balls
|
Batting: LHB Michael Byrd
|
0-0: Ball 1-0: Ball 2-0: Ball 3-0: Base on Balls Ruben Velasco to second
|
Batting: RHB Sébastien Piat
|
0-0: Ball 1-0: Ball 2-0: Ball 3-0: Called Strike 3-1: Foul Ball, location: 2F 3-2: Fly out, F9 (Flyball, 9S, EV 80.6 MPH)
|
Batting: RHB Donny Burnside
|
0-0: DOUBLE (Line Drive, 89D, EV 109.4 MPH) Ruben Velasco scores Michael Byrd to third Runner from 3rd tries for Home, SAFE, throw by CF to home
|
Pitching: RHP Tommy Benedict
|
|
Batting: LHB Nate Dean
|
0-0: Foul Ball, location: 2F 0-1: Ground out 5-3 (Groundball, 6, EV 85.6 MPH) Donny Burnside to third
|
Batting: SHB Matt Altieri
|
0-0: Ball 1-0: Ball 2-0: Foul Ball, location: 2F 2-1: Ball 3-1: Base on Balls
|
Batting: LHB Willis Robles
|
0-0: Called Strike 0-1: Ball 1-1: Swinging Strike 1-2: Strikes out swinging
|
Top of the 4th over - 2 runs, 1 hit, 0 errors, 2 left on base; Toronto 5 - Chicago 1 |
BOTTOM OF THE 4TH |
Chicago White Sox batting - Pitching for Toronto Blue Jays : RHP Javy Falcon
|
Batting: RHB Joseph Disepolo
|
0-0: Ball 1-0: Ball 2-0: Ball 3-0: Base on Balls
|
Batting: SHB Vince Ealy
|
0-0: Foul Ball, location: 2F 0-1: Grounds into double play, 6-4-3 (Groundball, 6, EV 90.0 MPH)
|
Batting: RHB Chris Cooper
|
0-0: Foul Ball, location: 2F 0-1: Ball 1-1: Swinging Strike 1-2: Foul Ball, location: 2F 1-2: Ball 2-2: Strikes out looking
|
Bottom of the 4th over - 0 runs, 0 hits, 0 errors, 0 left on base; Toronto 5 - Chicago 1 |
TOP OF THE 5TH |
Toronto Blue Jays batting - Pitching for Chicago White Sox : RHP Tommy Benedict
|
Batting: RHB David Casas
|
0-0: Ball 1-0: Ball 2-0: Foul Ball, location: 2F 2-1: Foul Ball, location: 2F 2-2: Foul Ball, location: 2F 2-2: Strikes out swinging
|
Batting: SHB Mark Rennie
|
0-0: Called Strike 0-1: Ball 1-1: Ball 2-1: Ball 3-1: Base on Balls
|
Batting: RHB Ruben Velasco
|
0-0: Ball 1-0: Ball 2-0: 2-RUN HOME RUN (Flyball, 9D, EV 100.6 MPH), Distance : 381 ft
|
Batting: LHB Michael Byrd
|
0-0: Ball 1-0: Swinging Strike 1-1: Called Strike 1-2: Strikes out swinging
|
Batting: RHB Sébastien Piat
|
0-0: Ball 1-0: SINGLE (Groundball, 6M, EV 105.6 MPH) (infield hit)
|
Batting: RHB Donny Burnside
|
0-0: Called Strike 0-1: Called Strike 0-2: Ball Pickoff Throw by Catcher to First - Out!
|
Top of the 5th over - 2 runs, 2 hits, 0 errors, 0 left on base; Toronto 7 - Chicago 1 |
BOTTOM OF THE 5TH |
Chicago White Sox batting - Pitching for Toronto Blue Jays : RHP Javy Falcon
|
Batting: RHB Steve Castleberry
|
0-0: Ball 1-0: Fly out, F8 (Flyball, 8RM, EV 88.1 MPH)
|
Batting: SHB Dan Lash
|
0-0: Ball 1-0: Ball 2-0: Foul Ball, location: 2F 2-1: Ball 3-1: Ground out 1-3 (Groundball, 34S, EV 73.8 MPH)
|
Batting: RHB Dieter Knoops
|
0-0: Ball 1-0: Foul Ball, location: 2F 1-1: Called Strike 1-2: Ground out 6-3 (Groundball, 6, EV 83.8 MPH)
|
Bottom of the 5th over - 0 runs, 0 hits, 0 errors, 0 left on base; Toronto 7 - Chicago 1 |
TOP OF THE 6TH |
Toronto Blue Jays batting - Pitching for Chicago White Sox : RHP Tommy Benedict
|
Batting: RHB Donny Burnside
|
0-0: Called Strike 0-1: Foul Ball, location: 2F 0-2: Ball 1-2: Foul Ball, location: 2F 1-2: Ground out 6-3 (Groundball, 56, EV 90.0 MPH)
|
Pitching: LHP Steven Wolf
|
|
Batting: LHB Nate Dean
|
0-0: Ball 1-0: Ball 2-0: SINGLE (Groundball, 4MD, EV 94.4 MPH)
|
Batting: SHB Matt Altieri
|
0-0: Swinging Strike 0-1: Foul Ball, location: 2F 0-2: Fly out, F8 (Flyball, 8LXD, EV 98.8 MPH)
|
Batting: LHB Willis Robles
|
0-0: Swinging Strike 0-1: Called Strike 0-2: Strikes out looking
|
Top of the 6th over - 0 runs, 1 hit, 0 errors, 1 left on base; Toronto 7 - Chicago 1 |
BOTTOM OF THE 6TH |
Chicago White Sox batting - Pitching for Toronto Blue Jays : RHP Javy Falcon
|
Batting: LHB Sidney Pedder
|
0-0: Ball 1-0: Ball 2-0: Called Strike 2-1: Ball 3-1: SINGLE (Groundball, 34D, EV 98.1 MPH)
|
Batting: SHB Cesar Herrera
|
0-0: Fly out, F7 (Line Drive, 78S, EV 91.2 MPH)
|
Batting: LHB Randy Rosenberry
|
0-0: Foul Ball, location: 2F 0-1: Called Strike 0-2: Foul Ball, location: 2F 0-2: Ball 1-2: SINGLE (Groundball, 56D, EV 100.0 MPH) Sidney Pedder to second
|
Batting: RHB Joseph Disepolo
|
0-0: Foul Ball, location: 2F 0-1: Ball 1-1: Ground out 6-3 (Groundball, 6S, EV 63.8 MPH) Sidney Pedder to third Randy Rosenberry to second
|
Batting: SHB Vince Ealy
|
0-0: Called Strike 0-1: SINGLE (Line Drive, 7LS, EV 87.5 MPH) Sidney Pedder scores Randy Rosenberry to third Runner from 3rd tries for Home, SAFE, throw by LF to home Vince Ealy to second
|
Batting: RHB Chris Cooper
|
0-0: Ball 1-0: Ball 2-0: Ball 3-0: Base on Balls
|
Batting: RHB Steve Castleberry
|
0-0: Ball 1-0: Fly out, F7 (Flyball, 7D, EV 103.1 MPH)
|
Bottom of the 6th over - 2 runs, 3 hits, 0 errors, 2 left on base; Toronto 7 - Chicago 3 |
TOP OF THE 7TH |
Toronto Blue Jays batting - Pitching for Chicago White Sox : LHP Steven Wolf
|
Batting: RHB David Casas
|
0-0: Ball 1-0: Foul Ball, location: 2F 1-1: Called Strike 1-2: Ground out 6-3 (Groundball, 6, EV 82.5 MPH)
|
Batting: SHB Mark Rennie
|
0-0: Ball 1-0: Swinging Strike 1-1: Foul Ball, location: 2F 1-2: Ground out 6-3 (Groundball, 56D, EV 101.9 MPH)
|
Batting: RHB Ruben Velasco
|
0-0: Called Strike 0-1: Called Strike 0-2: Ball 1-2: Strikes out swinging
|
Top of the 7th over - 0 runs, 0 hits, 0 errors, 0 left on base; Toronto 7 - Chicago 3 |
BOTTOM OF THE 7TH |
Chicago White Sox batting - Pitching for Toronto Blue Jays : RHP Javy Falcon
|
Batting: SHB Dan Lash
|
0-0: Called Strike 0-1: Foul Ball, location: 2F 0-2: Strikes out swinging
|
Batting: RHB Dieter Knoops
|
0-0: Called Strike 0-1: Called Strike 0-2: SINGLE (Groundball, P, EV 89.4 MPH) (infield hit)
|
Batting: LHB Sidney Pedder
|
0-0: Called Strike 0-1: SINGLE (Groundball, 34D, EV 95.0 MPH) Dieter Knoops to second Runner from 2nd tries for 3rd, SAFE, throw by RF made to third
|
Batting: SHB Cesar Herrera
|
0-0: Ball 1-0: Ball 2-0: Reached on error, E6 (Groundball, 4M, EV 88.1 MPH) Dieter Knoops scores Sidney Pedder to second
|
Batting: LHB Randy Rosenberry
|
0-0: Called Strike 0-1: Swinging Strike 0-2: SINGLE (Flyball, 9LS, EV 96.2 MPH) Sidney Pedder to third Cesar Herrera to second Runner from 3rd tries for Home, SAFE, throw by RF to home
|
Pitching: LHP Tim Franco
|
|
Batting: RHB Joseph Disepolo
|
0-0: Called Strike 0-1: Ball 1-1: Swinging Strike 1-2: Ball 2-2: Strikes out swinging
|
Batting: SHB Vince Ealy
|
0-0: Ball 1-0: Foul Ball, location: 2F 1-1: Called Strike 1-2: Foul Ball, location: 2F 1-2: Ball 2-2: Foul Ball, location: 2F 2-2: Fly out, F4 (Popup, 13, EV 88.8 MPH)
|
Bottom of the 7th over - 2 runs, 3 hits, 1 error, 2 left on base; Toronto 7 - Chicago 5 |
TOP OF THE 8TH |
Toronto Blue Jays batting - Pitching for Chicago White Sox : LHP Steven Wolf
|
Pitching: LHP Ryan Daidone
|
|
Batting: LHB Michael Byrd
|
0-0: Ball 1-0: Ball 2-0: Ball 3-0: Base on Balls
|
Batting: RHB Sébastien Piat
|
0-0: Called Strike 0-1: Sac Bunt to 23 - play at first, batter OUT! 3-4 Michael Byrd to second
|
Batting: RHB Donny Burnside
|
0-0: Intentional Walk
|
Batting: LHB Nate Dean
|
0-0: Called Strike 0-1: Swinging Strike 0-2: Ball 1-2: Ball 2-2: Ball 3-2: Foul Ball, location: 2F 3-2: Foul Ball, location: 2F 3-2: Fielders Choice at 2nd, 4-6 (Groundball, 4, EV 82.5 MPH) Michael Byrd to third
|
Batting: SHB Matt Altieri
|
0-0: Ball 1-0: Ball 2-0: Ball 3-0: Called Strike 3-1: Base on Balls Nate Dean to second
|
Pinch Hitting: RHB Danny Burnside
|
0-0: Ball 1-0: Called Strike 1-1: Fly out, F7 (Flyball, 7S, EV 88.1 MPH)
|
Top of the 8th over - 0 runs, 0 hits, 0 errors, 3 left on base; Toronto 7 - Chicago 5 |
BOTTOM OF THE 8TH |
Chicago White Sox batting - Pitching for Toronto Blue Jays : LHP Tim Franco
|
Now in LF: Danny Burnside
|
|
Batting: RHB Chris Cooper
|
0-0: Swinging Strike 0-1: Foul Ball, location: 2F 0-2: Strikes out looking
|
Batting: RHB Steve Castleberry
|
0-0: Ball 1-0: Ball 2-0: Called Strike 2-1: Called Strike 2-2: Reached on error, E4 (Groundball, 4S, EV 86.2 MPH)
|
Batting: SHB Dan Lash
|
0-0: Swinging Strike 0-1: Foul Ball, location: 2F 0-2: Ball 1-2: Ball 2-2: Ground out 5-3 (Groundball, 5S, EV 67.5 MPH) Steve Castleberry to third
|
Batting: RHB Dieter Knoops
|
0-0: Called Strike 0-1: Swinging Strike 0-2: Ball 1-2: Ground out 5-3 (Groundball, 56, EV 81.2 MPH)
|
Bottom of the 8th over - 0 runs, 0 hits, 1 error, 1 left on base; Toronto 7 - Chicago 5 |
TOP OF THE 9TH |
Toronto Blue Jays batting - Pitching for Chicago White Sox : LHP Ryan Daidone
|
Pitching: LHP Josh Vaca
|
|
Batting: RHB David Casas
|
0-0: Ball 1-0: Swinging Strike 1-1: Ball 2-1: Foul Ball, location: 2F 2-2: Ground out 4-3 (Groundball, 4, EV 99.4 MPH)
|
Batting: SHB Mark Rennie
|
0-0: Ball 1-0: Ball 2-0: Foul Ball, location: 2F 2-1: Fly out, F9 (Flyball, 9S, EV 90.0 MPH)
|
Batting: RHB Ruben Velasco
|
0-0: Ball 1-0: Ball 2-0: Called Strike 2-1: Ball 3-1: Base on Balls
|
Batting: LHB Michael Byrd
|
0-0: Ball Ruben Velasco steals 2nd base 1-0: Ball 2-0: Ball 3-0: Called Strike 3-1: Called Strike 3-2: Ground out 2-3 (Groundball, 2R, EV 68.1 MPH)
|
Top of the 9th over - 0 runs, 0 hits, 0 errors, 1 left on base; Toronto 7 - Chicago 5 |
BOTTOM OF THE 9TH |
Chicago White Sox batting - Pitching for Toronto Blue Jays : LHP Tim Franco
|
Pitching: RHP Junpei Yamazaki
|
|
Now at 1B: Danny Burnside
|
|
Now in LF: Jon Schick
|
|
Batting: LHB Sidney Pedder
|
0-0: Ball 1-0: Ball 2-0: Ball 3-0: Swinging Strike 3-1: Swinging Strike 3-2: Strikes out swinging
|
Batting: SHB Cesar Herrera
|
0-0: Foul Ball, location: 2F 0-1: Ball 1-1: Called Strike 1-2: Ball 2-2: Strikes out swinging
|
Batting: LHB Randy Rosenberry
|
0-0: SINGLE (Groundball, 4MS, EV 73.8 MPH) (infield hit)
|
Batting: RHB Joseph Disepolo
|
0-0: Foul Ball, location: 2F 0-1: Called Strike 0-2: Foul Ball, location: 2F 0-2: Fly out, F8 (Flyball, 8LD, EV 97.5 MPH)
|
Bottom of the 9th over - 0 runs, 1 hit, 0 errors, 1 left on base; Toronto 7 - Chicago 5 |
|